 Dungeon Crawl Stone Soup version 0.19.0-11-g3fc08b3 (webtiles) character file.

421 Malachi the Chiller (level 6, 0/45 HPs)
             Began as a Demigod Ice Elementalist on Nov 10, 2016.
             Slain by a phantom (7 damage)
             ... on level 3 of the Dungeon.
             The game lasted 00:07:12 (3162 turns).

Malachi the Chiller (Demigod Ice Elementalist)      Turns: 3162, Time: 00:07:13

Health: 0/45       AC:  3    Str: 11    XL:     6   Next: 35%
Magic:  13/14      EV: 13    Int: 23    God:
Gold:   268        SH:  0    Dex: 16    Spells: 2 memorised, 9 levels left

rFire  . . .     SeeInvis .     I - +0 dagger (holy)
rCold  . . .     Gourm    .     E - +0 robe
rNeg   . . .     Faith    .     (no shield)
rPois  .         Spirit   .     x - +0 helmet
rElec  .         Reflect  .     (no cloak)
rCorr  .         Harm     .     (no gloves)
MR     .....                    (no boots)
Stlth  ++........               A - amulet of magic regeneration
                                (no ring)
                                (no ring)

@: confusing touch (expiring)
A: high mp 1
a: no special abilities


You were on level 3 of the Dungeon.
You were not hungry.

You visited 1 branch of the dungeon, and saw 4 of its levels.

You collected 268 gold pieces.

Inventory:

Hand Weapons
 H - a +1 rapier of freezing
 I - a +0 dagger of holy wrath (weapon)
Armour
 a - a +0 robe
 x - a +0 helmet (worn)
 E - a +0 robe (worn)
Jewellery
 y - an uncursed ring of loudness
 z - an uncursed ring of fire
 A - an amulet of magic regeneration (around neck)
Wands
 p - a wand of flame (24/48)
 r - a wand of acid (4/15)
Scrolls
 e - 2 scrolls of noise
 f - 3 scrolls of remove curse
 h - 2 scrolls of amnesia
 k - 3 scrolls of identify {unknown}
 n - 2 scrolls of immolation {unknown}
 o - 2 scrolls of fear {unknown}
 q - a scroll of recharging {unknown}
 u - 2 scrolls of magic mapping {unknown}
 v - a scroll of enchant weapon {unknown}
 C - 2 scrolls of teleportation {unknown}
Potions
 g - 2 potions of lignification {unknown}
 j - a potion of agility {unknown}
 l - 2 potions of flight {unknown}
 m - 2 potions of heal wounds
 t - 2 potions of curing {unknown}
 B - a potion of magic {unknown}
 D - a potion of haste {unknown}
Books
 b - a book of Frost

   Spells                             Type                      Level
   a - Freeze                         Ice                          1
   b - Throw Frost                    Conjuration/Ice              2
   c - Ozocubu's Armour               Charms/Ice                   3
   d - Throw Icicle                   Conjuration/Ice              4
   e - Summon Ice Beast               Ice/Summoning                4
 G - a book of Misfortune

   Spells                             Type                      Level
   a - Confusing Touch                Hexes                        1
   b - Confuse                        Hexes                        3
   c - Gell's Gravitas                Hexes/Translocation          3
   d - Petrify                        Transmutation/Earth          4
   e - Metabolic Englaciation         Hexes/Ice                    5
   f - Yara's Violent Unravelling     Hexes/Transmutation          5
Comestibles
 c - 2 bread rations
 d - a meat ration
 i - a beef jerky
 s - 11 fruits
 w - 4 chunks of flesh
 F - a slice of pizza


   Skills:
 + Level 0.1 Fighting
 + Level 2.4 Dodging
 + Level 2.0 Stealth
 + Level 0.6 Unarmed Combat
 + Level 3.3 Spellcasting
   Level 0.8 Conjurations
 * Level 5.5 Ice Magic
 + Level 0.3 Evocations


You had 9 spell levels left.
You knew the following spells:

 Your Spells              Type           Power        Failure   Level  Hunger
a - Freeze                Ice            ####         1%          1    None
b - Confusing Touch       Hex            #.....       14%         1    None


Dungeon Overview and Level Annotations

Branches:
Dungeon (4/15)
 Temple: D:4-7

Annotations:
D:4 Grinder


Innate Abilities, Weirdness & Mutations

You have an increased reservoir of magic. (+10% MP)


Message History

Press: ? - help, Shift-Dir - straight line, f - phantom
Aim: a phantom (heavily damaged)
You freeze the phantom.
The phantom resists.
The phantom is heavily damaged.
The phantom completely misses you.
Casting: Freeze
Confirm with . or Enter, or press ? or * to list all spells.
Your hands begin to glow red.
The phantom hits you.
* * * LOW HITPOINT WARNING * * *
Unknown command.
You closely miss the phantom.
The phantom is heavily damaged.
The phantom hits you but does no damage.
You hit the phantom but do no damage.
The phantom is heavily damaged.
The phantom closely misses you.
You hit the phantom.
The phantom convulses.
The phantom is heavily damaged.
The phantom hits you!
You die...

..........#...##.##.#
................>##.####
....#####...#.#........#
##########..#.#..#..#..#
#.......#..<.#.#_#.#
#.####..###.....#..######
#
#.####..................#
#
#.).[...........##..###.#
# #<.##.)...##@######.#
#.# #
##.#(......W.######.# #.#
# #.#......##.##<....#
#.# #
#.#.###...#.....######.#
## #.#.#
#...#.###.##.....# .#
#.#.# #..........#.#####
.# #.#.###.#.#.###..#...#
.###
#.#...#..........###.#
...#
#.###.#...#.####.###.#


You could see a phantom.

Vanquished Creatures
  Eustachio (D:4)
  An ogre (D:4)
  An orc priest (D:3)
  Jessica (D:3)
  Natasha (D:2)
  4 adders
  An ooze (D:3)
  2 worms (D:2)
  A dart slug (D:1)
  3 leopard geckos
  5 orcs (D:3)
  4 ball pythons
  3 bats
  5 giant cockroaches
  7 goblins
  5 hobgoblins
  3 jackals (D:2)
  2 quokkas
  2 frilled lizards
  9 kobolds
  A leopard gecko skeleton (D:4)
  8 rats
70 creatures vanquished.

Vanquished Creatures (others)
  A fungus (D:3)
1 creature vanquished.

Grand Total: 71 creatures vanquished

Notes
Turn   | Place    | Note
-------+----------+-------------------------------------------
     0 | D:1      | Malachi the Demigod Ice Elementalist began the quest for the Orb.
     0 | D:1      | Reached XP level 1. HP: 14/14 MP: 5/5
   108 | D:1      | Reached skill level 3 in Ice Magic
   108 | D:1      | Reached XP level 2. HP: 19/20 MP: 1/7
   850 | D:2      | Reached XP level 3. HP: 17/26 MP: 0/8
  1697 | D:2      | Noticed Natasha
  1703 | D:2      | Killed Natasha
  1876 | D:2      | Reached XP level 4. HP: 26/33 MP: 6/10
  2160 | D:3      | Reached skill level 4 in Ice Magic
  2373 | D:3      | Found a faded altar of an unknown god.
  2687 | D:3      | Noticed Jessica
  2694 | D:3      | Killed Jessica
  2694 | D:3      | Reached XP level 5. HP: 34/38 MP: 8/11
  3008 | D:4      | Noticed Eustachio
  3028 | D:4      | Killed Eustachio
  3028 | D:4      | Reached skill level 5 in Ice Magic
  3028 | D:4      | Reached XP level 6. HP: 35/45 MP: 7/13
  3050 | D:4      | Noticed Grinder
  3102 | D:3      | Learned a level 1 spell: Confusing Touch
  3162 | D:3      | Slain by a phantom

Skill      XL: |  1  2  3  4  5  6 |
---------------+-------------------+-----
Dodging        | 2 |  2.4
Ice Magic      | 3 4 5 |  5.5
Spellcasting   | 2 3 |  3.3
Stealth        | 2 |  2.0
Fighting       | |  0.1
Unarmed Combat | |  0.6
Conjurations   | |  0.8
Evocations     | |  0.3

Action                   |  1- 3 |  4- 6 || total
-------------------------+-------+-------++-------
Melee: Unarmed           |    16 |    21 ||    37
       Dagger            |       |    25 ||    25
       Rapier            |       |     4 ||     4
 Cast: Freeze            |    59 |    58 ||   117
       Confusing Touch   |       |     1 ||     1
Evoke: Wand              |     4 |       ||     4
  Use: Scroll            |       |     3 ||     3
       Potion            |       |     3 ||     3
 Stab: Sleeping          |     2 |       ||     2
  Eat: Chunk             |     2 |     4 ||     6
       Fruit             |       |     1 ||     1
Armor: Robe              |    12 |    16 ||    28
Dodge: Dodged            |    41 |    57 ||    98
